Map: Orbital Shipyard

Players

Ibstronk

  • Race: Terran Terran
  • League: Platinum

llllllllllll - Winner!

  • Race: Terran Terran
  • League: Gold

VOD

Have the link to the VOD?

Description

Time

  • Played on: Nov. 14, 2015, 6:04 p.m.
  • Length: 10:30
Show
View Real Time Build Order
Export as new Build Order

Ibstronk Terran 

Build Orders: Banshee Rush 

Get SALT Encoding   

  12  0:01  SCV  
  13  0:13  SCV  
  14  0:17  Supply Depot  
  14  0:25  SCV  
  15  0:40  SCV  
  15  0:42  Barracks  
  16  0:46  Refinery  
  16  0:52  SCV  
  17  0:58  Refinery  
  18  1:04  SCV  
  18  1:18  SCV  
  19  1:29  Marine  
  19  1:31  Supply Depot, Orbital Command  
  20  1:46  Marine  
  20  1:53  Factory  
  21  1:56  SCV  
  22  2:08  SCV  
  23  2:18  Marine  
  23  2:21  SCV  
  25  2:22  Supply Depot  
  25  2:36  SCV  
  26  2:38  Starport  
  26  2:45  Factory Tech Lab  
  26  2:48  SCV  
  26  2:50  Barracks Reactor  
  26  3:00  SCV  
  27  3:24  SCV  
  27  3:25  Factory Tech Lab  
  28  3:29  Marine x2  
  28  3:30  Banshee, Cloaking Field  
  33  3:36  Command Center, SCV  
  33  3:40  Supply Depot  
  34  3:48  SCV  
  35  3:50  Marine x2  
  37  4:00  SCV  
  37  4:01  Siege Tank  
  41  4:11  Marine x2  
  41  4:12  SCV, Banshee  
  47  4:21  Supply Depot  
  47  4:32  Barracks  
  47  4:42  SCV, Marine x2  
  50  4:46  Siege Tank  
  53  4:54  SCV  
  54  5:02  Marine x2  
  53  5:09  SCV, Orbital Command  
  54  5:16  Barracks  
  54  5:21  Barracks  
  54  5:22  Starport Reactor  
  54  5:25  Siege Tank  
  54  5:26  SCV  
  58  5:32  Stimpack  
  58  5:35  Marine  
  58  5:36  Marine x2  
  58  5:38  SCV  
  58  5:39  SCV  
  63  5:48  Supply Depot  
  63  5:49  Supply Depot  
  63  5:58  SCV x2  
  63  5:59  Marine x3  
  68  6:09  Siege Tank  
  68  6:11  Barracks Reactor x2  
  70  6:20  Marine x2  
  70  6:21  Marine  
  70  6:22  Medivac x2  
  77  6:31  SCV x2  
  73  6:39  Marine x2  
  71  6:51  Marine x4  
  75  6:56  Marine  
  75  6:57  SCV  
  75  6:58  SCV  
  78  7:09  SCV  
  78  7:13  SCV  
  78  7:14  Marine x4  
  78  7:15  Marine  
  85  7:16  Marine  
  86  7:33  Supply Depot  
  86  7:34  Supply Depot  
  86  7:35  SCV x2, Medivac, Marine  
  71  7:50  Marine x4  
  71  7:51  Marine x2  
  77  7:53  Marine  
  78  8:10  Marine x3  
  78  8:11  Marine x4  
  71  8:28  Marine  
  71  8:30  Command Center  
  72  8:35  Engineering Bay  
  72  8:40  Engineering Bay  
  72  8:41  SCV  
  72  8:42  SCV  
  72  8:45  Refinery, Marine x6  
  72  8:46  Supply Depot, Marine  
  72  8:47  Refinery  
  72  8:48  Supply Depot  
  81  8:54  SCV  
  81  8:55  SCV  
  83  9:02  Marine  
  84  9:12  SCV x2  
  84  9:13  Marine x2  
  84  9:14  Marine x2  
  90  9:21  Missile Turret  
  90  9:22  Missile Turret x2  
  90  9:24  SCV  
  90  9:25  Medivac  
  90  9:26  SCV  
  94  9:37  SCV  
  95  9:42  SCV  
  95  9:43  Orbital Command  
  95  9:45  Marine x5  
  100  9:49  SCV  
  88  10:09  SCV x2  
  88  10:10  SCV, Marine x3  
  88  10:11  Marine  
  95  10:19  Missile Turret  
Show
View Real Time Build Order
Export as new Build Order

llllllllllll Terran - Winner!

Build Orders: MMM Bio 

Get SALT Encoding   

  12  0:02  SCV  
  13  0:14  SCV  
  14  0:23  Supply Depot  
  14  0:26  SCV  
  15  0:44  SCV  
  15  0:45  Barracks  
  15  0:48  Refinery  
  16  0:56  SCV  
  17  1:09  SCV  
  18  1:21  SCV  
  19  1:33  Barracks Reactor, Orbital Command  
  19  1:40  Command Center  
  19  1:48  Refinery  
  19  1:59  Supply Depot  
  19  2:00  SCV  
  20  2:13  SCV  
  20  2:14  Reaper x2  
  23  2:25  SCV  
  24  2:37  SCV  
  24  2:43  Factory  
  25  2:45  Marine  
  25  2:46  Marine  
  25  2:50  SCV  
  28  2:55  Orbital Command  
  28  3:02  SCV  
  28  3:03  Marine x2  
  31  3:14  SCV  
  31  3:19  Engineering Bay  
  30  3:21  SCV  
  30  3:22  Marine  
  30  3:23  Marine  
  30  3:26  Factory Tech Lab  
  30  3:27  SCV  
  34  3:33  SCV  
  35  3:39  SCV  
  36  3:42  Marine x2  
  36  3:44  Cyclone  
  36  3:45  SCV  
  42  3:48  Missile Turret  
  42  3:49  Starport  
  42  3:50  Missile Turret  
  42  3:54  SCV  
  43  3:56  Missile Turret  
  43  3:57  SCV  
  44  4:06  SCV  
  44  4:09  SCV  
  46  4:19  Command Center  
  46  4:27  Supply Depot  
  46  4:29  Supply Depot  
  46  4:41  Refinery  
  46  4:42  Refinery  
  46  4:48  SCV x2, Siege Tank, Marine x2  
  46  4:50  Medivac  
  55  4:54  Supply Depot  
  53  5:00  SCV x2  
  53  5:06  Marine x2  
  57  5:13  SCV x2  
  59  5:18  Supply Depot  
  59  5:20  Viking  
  61  5:22  Barracks  
  61  5:24  Barracks  
  61  5:25  SCV x2  
  63  5:32  Barracks, Orbital Command  
  63  5:33  Barracks  
  63  5:37  SCV x2, Marine x2  
  63  5:41  Siege Tank  
  70  5:48  Supply Depot  
  70  5:49  SCV  
  71  5:52  Starport Reactor  
  71  5:54  SCV  
  71  5:55  Marine x2  
  71  5:56  Terran Infantry Weapons Level 1  
  72  6:11  Barracks Tech Lab x2  
  72  6:12  SCV x2  
  73  6:20  Marine x2  
  73  6:23  SCV  
  73  6:24  SCV  
  75  6:42  SCV x2  
  75  6:43  Marine x3  
  75  6:44  Combat Shields  
  75  6:45  Siege Tank, Stimpack, Medivac x2  
  75  6:46  SCV  
  88  6:49  Supply Depot  
  88  6:54  SCV  
  88  6:56  Barracks Reactor  
  88  6:59  Marine  
  88  7:00  Marine  
  88  7:01  Marine x2  
  93  7:13  Barracks Reactor  
  90  7:16  Marine, Orbital Command  
  90  7:18  Marine  
  90  7:19  Marine x2  
  90  7:22  SCV x2  
  96  7:32  Siege Tank, Medivac x2  
  96  7:34  Marine  
  96  7:35  Marine x2  
  96  7:36  Marine  
  96  7:37  Marine x2  
  107  7:38  Refinery  
  107  7:44  Refinery  
  109  7:51  Terran Infantry Armor Level 1  
  109  8:00  Supply Depot  
  109  8:01  Supply Depot  
  109  8:06  SCV x2, Marine  
  109  8:07  SCV, Marine x7  
  90  8:18  SCV x2  
  90  8:19  SCV  
  91  8:21  Siege Tank, Medivac x2  
  91  8:24  Marine  
  91  8:25  Marine x7  
  106  8:28  Concussive Shells  
  106  8:30  SCV x2  
  106  8:31  SCV  
  109  8:37  Engineering Bay  
  109  8:40  Armory  
  109  8:42  Marine x2  
  109  8:43  SCV x3, Marine x5  
  109  8:48  Factory  
  119  8:49  Marine  
  119  8:51  Barracks x2, Medivac  
  119  8:53  Siege Tank  
  125  8:57  Supply Depot  
  125  8:58  Supply Depot  
  125  9:18  SCV x3, Marine x5  
  125  9:19  Supply Depot  
  125  9:20  Supply Depot  
  125  9:21  Supply Depot x2  
  125  9:22  Supply Depot, Medivac x2  
  125  9:24  Marine x2  
  137  9:30  SCV x2  
  141  9:32  Factory Tech Lab  
  141  9:38  Barracks Reactor  
  141  9:39  Barracks Reactor  
  141  9:41  SCV, Marine x6  
  141  9:42  Marine  
  136  9:53  SCV  
  137  10:03  Marine x3  
  137  10:07  Marine x4  
  140  10:14  Command Center  
  141  10:17  SCV x2  
  141  10:20  Supply Depot  
  142  10:21  Supply Depot  
  142  10:22  Supply Depot x2  
Tags
 
Composition
MMM Bio
Matchup
TvT
Race
Terran
Strategy
Banshee Rush
Add a new tag
Caveats
  • Supply blocks, unpowered buildings, or Contaminate may cause inaccurate times.
  • Supply counts are checked every 10 seconds.